cohdb
Replays
Latest Replays
All Replays
Popular Replays
Top Player Replays
Match Explorer
How It Works
Community
CoH3 Stats
Reddit
Sign in to upload your games and track your stats! →
Sign in with Steam
Match 26284952
Unlisted
Match 26284952
Overview
Messages
Build Orders
End
Panzergrenadier Squad
Selects Italian Infantry
Panzergrenadier Squad
250 Light Carrier
Construct Light Support Kompanie
Fire Support Elements
Panzerpioneer Squad
Flakvierling Half-track
Selects Guastatori Squad
Pak 38 Anti-tank Gun Team
Construct Mechanized Kompanie
Guastatori Squad
Guastatori Squad
Selects Defensive Operations
Selects Registered Artillery
Marder III Tank Destroyer
Veteran Squad Leaders
Construct Panzerarmee Kommand
2.5-tonne Medical Truck
Tungsten Core Ammunition
Selects Territory Booby Traps
Selects Obice 305mm Barrage
Obice 305mm Barrage
Armored Reserves
Boss Teen
BillCosby
SneaKerz
gb_gbg
0
0
Comments
sign in to comment!
No comments posted yet!